 Dungeon Crawl Stone Soup version 0.20.1-1-g8b1a95d (webtiles) character file.

126 Irenicus the Slasher (level 4, 0/42 HPs)
             Began as a Deep Dwarf Monk on Oct 5, 2017.
             Slain by Sigmund
             ... wielding a +0 scythe
              (10 damage)
             ... on level 2 of the Dungeon.
             The game lasted 00:06:19 (1484 turns).

Irenicus the Slasher (Deep Dwarf Monk)              Turns: 1484, Time: 00:06:20

Health: 0/42       AC:  2    Str: 15    XL:     4   Next: 83%
Magic:  3/3        EV: 19    Int: 10    God:
Gold:   208        SH:  0    Dex: 21    Spells: 3/3 levels left

rFire    + . .     SeeInvis .   a - +0 falchion
rCold    + . .     Gourm    .   (no shield)
rNeg     . . .     Faith    .   b - +0 robe
rPois    .         Spirit   .   (no helmet)
rElec    .         Reflect  .   k - scarf {rC+ rF+}
rCorr    .         Harm     .   (no gloves)
MR       .....                  (no boots)
Stlth    +++.......             (no amulet)
Regen    0.0/turn               (no ring)
MPRegen  0.1/turn               (no ring)

@: agile, non-regenerating
A: damage resistance, heal wounds, sense surroundings 1, no regeneration
a: Heal Wounds


You were on level 2 of the Dungeon.
You were not hungry.

You visited 1 branch of the dungeon, and saw 2 of its levels.

You collected 208 gold pieces.

Inventory:

Hand Weapons
 a - a +0 falchion (weapon)
Armour
 b - a +0 robe (worn)
 k - a scarf of resistance (worn)
Jewellery
 i - an uncursed ring of protection from magic {unknown}
Scrolls
 d - a scroll of magic mapping {unknown}
 g - 2 scrolls of teleportation {unknown}
 h - 4 scrolls of remove curse {unknown}
 l - 2 scrolls of identify {unknown}
Potions
 m - a potion of berserk rage
Comestibles
 c - 3 bread rations
 n - 3 chunks of flesh


   Skills:
 - Level 3.1 Fighting
 + Level 5.3 Long Blades
 - Level 3.3 Dodging
 - Level 2.4 Stealth


You had 3 spell levels left.
You didn't know any spells.

Dungeon Overview and Level Annotations

Branches:
Dungeon (2/15)

Altars:
Ashenzari
Qazlal

Annotations:
D:2 Natasha, Sigmund


Innate Abilities, Weirdness & Mutations

You are resistant to damage.
You can heal yourself by infusing magical energy.
You passively map a small area around you.
You do not regenerate.


Message History

Sigmund hits you with a scythe!
You hit Sigmund.
Sigmund is heavily wounded.
You hit Sigmund.
Sigmund is heavily wounded.
Sigmund hits you with a scythe.
You barely miss Sigmund.
Sigmund is heavily wounded.
Sigmund gestures wildly while chanting.
Sigmund flickers and vanishes!
Deactivating autopickup; reactivate with Ctrl-A.
You hit something. Something hits you.
You barely miss something. You closely miss something. Something hits you!
You hit something. Something hits you.
* * * LOW HITPOINT WARNING * * *
It was a potion of agility.
You feel agile all of a sudden.
You barely miss something. Something hits you!
You die...

, #.## .#* #.#.##
*.# ##.###.### .#
#>#* ##..#
.#####.###.#.#
*.#...##.#.##.#
.#....†#.###.#
####{#†....#####.#
#..@.#........##.#
#.##.####...#.##.###
#.##..+_#........>..
#.##.####........###
#.##.#........####
#.##.#........#
#.##.#......#.#
#.##.#...##.#.#####
#.##..............##


There were no monsters in sight!

Vanquished Creatures
  Natasha (twice) (D:2)
  2 adders (D:2)
  An ooze (D:1)
  A worm (D:2)
  A dart slug (D:2)
  A leopard gecko (D:1)
  2 ball pythons (D:1)
  3 bats (D:2)
  5 giant cockroaches
  6 goblins
  3 hobgoblins
  3 jackals (D:2)
  A quokka (D:2)
  7 frilled lizards
  4 kobolds (D:1)
  6 rats
48 creatures vanquished.

Vanquished Creatures (others)
  A goblin (D:2)
1 creature vanquished.

Grand Total: 49 creatures vanquished

Notes
Turn   | Place    | Note
-------+----------+-------------------------------------------
     0 | D:1      | Irenicus the Deep Dwarf Monk began the quest for the Orb.
     0 | D:1      | Reached XP level 1. HP: 20/20 MP: 1/1
   186 | D:1      | Reached XP level 2. HP: 22/28 MP: 2/2
   757 | D:1      | Reached XP level 3. HP: 15/34 MP: 3/3
   899 | D:2      | Reached skill level 4 in Long Blades
  1183 | D:2      | Found a stormy altar of Qazlal.
  1232 | D:2      | Reached XP level 4. HP: 23/42 MP: 4/4
  1309 | D:2      | Noticed Natasha
  1323 | D:2      | Killed Natasha
  1359 | D:2      | Found a shattered altar of Ashenzari.
  1373 | D:2      | Noticed Natasha
  1388 | D:2      | HP: 1/42 [Natasha (3)]
  1394 | D:2      | Killed Natasha
  1394 | D:2      | Reached skill level 5 in Long Blades
  1426 | D:2      | Noticed Natasha
  1463 | D:2      | Noticed Sigmund
  1484 | D:2      | Slain by Sigmund

Skill      XL: |  1  2  3  4 |
---------------+-------------+-----
Fighting       | 3 |  3.1
Long Blades    | 4 5 |  5.3
Dodging        | |  3.3
Stealth        | |  2.4

Action                   |  1- 3 |  4- 6 || total
-------------------------+-------+-------++-------
Melee: Falchion          |   142 |    43 ||   185
 Abil: Heal Wounds       |     1 |     1 ||     2
  Use: Potion            |       |     5 ||     5
 Stab: Sleeping          |    11 |     2 ||    13
  Eat: Chunk             |     1 |     1 ||     2
Armor: Robe              |    19 |     3 ||    22
Dodge: Dodged            |    94 |    17 ||   111
       Rpst.: Falchion   |    26 |     6 ||    32
